 Dungeon Crawl Stone Soup version 0.29-a0-330-g52719c12eb (webtiles) character file.

Game seed: 3151134136474632815

191541 lorenzova the Sorcerer (level 17, -7/84 HPs)
             Began as a Deep Elf Conjurer on May 28, 2022.
             Was a High Priest of Vehumet.
             Mangled by a death yak (22 damage)
             ... led by Polyphemus
             ... on level 2 of the Shoals on May 29, 2022.
             The game lasted 02:35:00 (48325 turns).

lorenzova the Sorcerer (Deep Elf Conjurer)         Turns: 48325, Time: 02:35:01

Health: -7/84      AC:  7    Str:  9    XL:     17   Next: 58%
Magic:  15/54      EV: 13    Int: 32    God:    Vehumet [*****.]
Gold:   2204       SH:  5    Dex: 13    Spells: 13/61 levels left

rFire   + . .      SeeInvis +   a - +2 quarterstaff "Cade" {vorpal, rC+ Will+}
rCold   + + .      Faith    .   (shield currently unavailable)
rNeg    . . .      Spirit   .   J - +2 robe {Will+}
rPois   .          Reflect  +   Y - +0 helmet of Sloth {Str+5}
rElec   .          Harm     .   Q - scarf {rC+ rF+}
rCorr   .          Rampage  .   (no gloves)
Will    ++++.                   m - +1 pair of boots
Stlth   ++........              f - amulet of reflection
HPRegen 0.24/turn               B - ring of magical power
MPRegen 0.34/turn               w - ring "Hileb" {Will+ SInv}

@: no status effects
A: no striking features
}: 1/15 runes: gossamer
a: Renounce Religion


You were on level 2 of the Shoals.
You worshipped Vehumet.
Vehumet was extremely pleased with you.
You visited 7 branches of the dungeon, and saw 31 of its levels.
You also visited: Ossuary and Gauntlet.

You collected 2621 gold pieces.
You spent 417 gold pieces at shops.

Inventory:

Hand Weapons
 a - the +2 quarterstaff "Cade" (weapon) {vorpal, rC+ Will+}
   (You found it on level 3 of the Dungeon)

   It inflicts extra damage upon your enemies.
   rC:        It protects you from cold.
   Will:      It increases your willpower.
Armour
 m - a +1 pair of boots (worn)
 r - the +1 helmet "Deihel" {*Corrode rN+ Will+}
   (You found it on level 1 of the Shoals)

   rN:        It protects you from negative energy.
   *Corrode:  It may corrode you when you take damage.
   Will:      It increases your willpower.
 u - the +3 buckler of the Wheelwright {Will- Int+5}
   (You acquired it on level 10 of the Dungeon)

   Int:       It affects your intelligence (+5).
   Will:      It decreases your willpower.
 y - a +1 leather armour of poison resistance
 J - a +2 robe of willpower (worn)
 Q - a scarf of resistance (worn)
 S - a +2 cloak of willpower
 Y - the +0 helmet of Sloth (worn) {Str+5}
   (You found it on level 5 of the Lair of Beasts)

   Str:       It affects your strength (+5).
Magical Staves
 e - a staff of air
 R - a staff of conjuration
 T - a staff of cold
Jewellery
 f - an amulet of reflection (around neck)
 h - a ring of wizardry
 p - a +6 ring of intelligence
 s - a ring of protection from cold
 w - the ring "Hileb" (right hand) {Will+ SInv}
   (You acquired it on level 2 of the Orcish Mines)

   [ring of see invisible]

   SInv:      It lets you see invisible.
   Will:      It increases your willpower.
 B - a ring of magical power (left hand)
 C - the ring of Futoett {Ice rElec}
   (You found it on level 6 of the Lair of Beasts)

   [ring of ice]

   It enhances your ice magic.
   rF:        It makes you vulnerable to fire.
   rC:        It protects you from cold.
   rElec:     It insulates you from electricity.
 D - a ring of poison resistance
 K - a ring of fire
 L - an amulet of the acrobat
 X - the ring of the Ladybird {rN+ rCorr MP-9 Int+5}
   (You found it in a Gauntlet)

   [ring of positive energy]

   Int:       It affects your intelligence (+5).
   rN:        It protects you from negative energy.
   MP:        It affects your magic capacity (-9).
   rCorr:     It protects you from acid and corrosion.
Scrolls
 c - 5 scrolls of magic mapping
 d - 14 scrolls of teleportation
 l - 11 scrolls of identify
 q - 4 scrolls of holy word
 t - 3 scrolls of silence
 v - a scroll of summoning
 H - 3 scrolls of fog
 M - 6 scrolls of amnesia
Potions
 b - 3 potions of magic
 g - 5 potions of heal wounds
 i - 3 potions of brilliance
 j - 12 potions of curing
 k - 4 potions of cancellation
 n - 7 potions of haste
 o - a potion of might
 x - 7 potions of flight
 z - 2 potions of lignification
 A - 3 potions of mutation
 F - 5 potions of ambrosia
 P - 2 potions of invisibility
 U - 2 potions of resistance


   Skills:
 + Level 1.7 Fighting
 + Level 1.6 Armour
 + Level 3.8 Dodging
 - Level 2.4 Stealth
 - Level 5.0 Shields
 * Level 22.7 Spellcasting
 * Level 19.7 Conjurations
 - Level 9.0 Hexes
 - Level 3.1 Summonings
 - Level 6.0 Translocations
 * Level 12.7 Fire Magic
 - Level 13.0 Air Magic


You had 13 spell levels left.
You knew the following spells:

 Your Spells              Type           Power      Damage    Failure   Level
a - Magic Dart            Conj           100%       1d8       0%          1
b - Iskenderun's Battles  Conj           100%       2d15      0%          5
c - Iskenderun's Mystic   Conj/Tloc      87%        2d17      1%          4
d - Fulminant Prism       Conj/Hex       45%        3d21      0%          4
e - Searing Ray           Conj           100%       2d8       0%          2
f - Fireball              Conj/Fire      48%        3d19      1%          5
j - Swiftness             Air            88%        N/A       0%          3
l - Lightning Bolt        Conj/Air       48%        1d68      1%          5
o - Orb of Destruction    Conj           52%        9d13      1%          7
p - Blink                 Tloc           100%       N/A       1%          2
w - Spellforged Servitor  Conj/Summ      41%        N/A       1%          7
x - Conjure Flame         Conj/Fire      96%        6-21      0%          3

Your spell library contained the following spells:

 Spells                   Type           Power      Damage    Failure   Level
 Eringya's Noxious Bog    Tmut/Pois      18%        N/A       30%         6
 Foxfire                  Conj/Fire      100%       2x1d9     0%          1
 Scorch                   Fire           100%       2d10      0%          2
 Static Discharge         Conj/Air       96%        N/A       0%          2
 Dazzling Flash           Conj/Hex       100%       N/A       0%          3
 Flame Wave               Conj/Fire      96%        2d16      0%          4
 Animate Skeleton         Necr           72%        N/A       1%          1
 Pain                     Necr           100%       1d9       1%          1
 Ensorcelled Hibernation  Hex/Ice        100%       N/A       1%          2
 Passwall                 Tmut/Erth      30%        N/A       1%          2
 Gell's Gravitas          Tloc           65%        N/A       1%          3
 Inner Flame              Hex/Fire       82%        N/A       1%          3
 Lesser Beckoning         Tloc           65%        N/A       1%          3
 Summon Guardian Golem    Hex/Summ       66%        N/A       1%          3
 Teleport Other           Tloc           65%        N/A       1%          3
 Tukima's Dance           Hex            76%        N/A       1%          3
 Cause Fear               Hex            38%        N/A       1%          4
 Hailstorm                Conj/Ice       79%        3d16      1%          4
 Leda's Liquefaction      Hex/Erth       30%        N/A       1%          4
 Passage of Golubria      Tloc           65%        N/A       1%          4
 Freezing Cloud           Conj/Ice/Air   41%        6-21      1%          5
 Irradiate                Conj/Tmut      39%        3d26      1%          5
 Manifold Assault         Tloc           65%        N/A       1%          5
 Yara's Violent Unravell  Hex/Tmut       30%        3d13      1%          5
 Starburst                Conj/Fire      48%        6d13      1%          6
 Vampiric Draining        Necr           36%        2d8       2%          3
 Olgreb's Toxic Radiance  Pois           36%        N/A       2%          4
 Metabolic Englaciation   Hex/Ice        30%        N/A       3%          5
 Lee's Rapid Deconstruct  Erth           18%        3d12*     6%          5
 Maxwell's Capacitive Co  Air            44%        ∞         7%          8
 Animate Dead             Necr           18%        N/A       9%          4
 Ice Form                 Ice/Tmut       36%        N/A       9%          4
 Petrify                  Tmut/Erth      36%        N/A       9%          4
 Ignition                 Fire           43%        3d13      9%          8
 Dispersal                Tloc           32%        N/A       11%         6
 Blade Hands              Tmut           18%        N/A       22%         5
 Summon Cactus Giant      Summ           27%        N/A       34%         6
 Simulacrum               Ice/Necr       18%        N/A       77%         6
 Statue Form              Tmut/Erth      24%        N/A       77%         6
 Ozocubu's Refrigeration  Ice            18%        4d8       83%         7
 Haunt                    Necr/Summ      23%        N/A       98%         7
 Dragon Form              Tmut           18%        N/A       100%        7
 Infestation              Necr           18%        N/A       100%        8
 Dragon's Call            Summ           27%        N/A       100%        9
 Polar Vortex             Ice            18%        N/A       100%        9


Dungeon Overview and Level Annotations

Branches:
Dungeon (15/15)            Temple (1/1) D:5            Lair (6/6) D:8
 Shoals (2/4) Lair:3       Spider (4/4) Lair:3        Slime (0/5) Lair:6
    Orc (2/2) D:9             Elf (1/3) Orc:2        Vaults (0/5) D:13
 Depths (0/4) D:15        Ossuary (visited)         Gauntlet (visited)

Altars:
Ashenzari
Cheibriados
Dithmenos
Elyvilon
Fedhas
Gozag
Hepliaklqana
Kikubaaqudgha
Makhleb
Nemelex Xobeh
Okawaru
Qazlal
Ru
Sif Muna
Trog
Uskayaw
Vehumet
Wu Jian
Xom
Yredelemnul
Zin
The Shining One
Beogh
Jiyva

Shops:
D:4 (   D:7 *!=*   D:13 ?   Orc:2 ?(==

Annotations:
D:7 exclusion: 2 downstairs
D:14 exclusion: downstairs
Lair:5 exclusion: downstairs
Lair:6 1 runed translucent door
Shoals:2 Polyphemus
Spider:2 exclusion: downstairs
Spider:3 exclusion: downstairs


Message History

The death yak is moderately wounded.
The death yak is knocked back by the mystic blast.
Your battlesphere fires!
The barrage of energy hits the death yak!
The death yak is moderately wounded.
The catoblepas is engulfed in a cloud of scalding steam.
Polyphemus is engulfed in a cloud of scalding steam.
Polyphemus throws a large rock.
The large rock hits you!
Polyphemus throws a large rock.
You reflect the large rock off an invisible shield around you!
The large rock completely misses Polyphemus.
Casting: Iskenderun's Mystic Blast (safe; 1% risk of failure)
Confirm with . or Enter, or press ? or * to list all spells.
You erupt in a blast of force!
The mystic blast hits the death yak!!
The death yak is severely wounded.
The death yak is knocked back by the mystic blast.
Your battlesphere fires!
The barrage of energy hits the catoblepas but does no damage.
The catoblepas is almost dead.
The catoblepas is engulfed in a cloud of scalding steam.
Polyphemus throws a large rock.
You reflect the large rock off an invisible shield around you!
The large rock barely misses Polyphemus.
The death yak gores you!
The catoblepas breathes a plume of calcifying dust at you.
The blast of calcifying dust hits you!
* * * LOW HITPOINT WARNING * * *
There is a stone staircase leading up here.
Casting: Iskenderun's Mystic Blast (safe; 1% risk of failure)
Confirm with . or Enter, or press ? or * to list all spells.
You erupt in a blast of force!
The mystic blast hits the death yak!
The death yak is severely wounded.
You are engulfed in calcifying dust.
Your battlesphere fires!
The barrage of energy hits Polyphemus!
Polyphemus is heavily wounded.
The death yak gores you.
* * * LOW HITPOINT WARNING * * *
You are engulfed in calcifying dust.
The death yak gores you!!
You die...

≈≈≈≈≈≈≈.....≈≈≈....
≈≈≈≈..........†.≈§.
≈≈≈...###....§#....
≈≈....###...§YC#...
≈≈≈≈....#..*§....P.
≈≈≈≈≈≈......§.......
≈≈≈≈≈≈)....§..####..
≈≈≈≈≈≈≈≈...§..P##..#
≈≈≈≈≈≈≈≈..@...P....
≈≈≈P≈≈≈≈.§Y.####....
≈≈P≈≈≈P.....###.....
≈≈≈≈≈.P†.##.....>P..
≈≈P..........>≈.....
.≈≈..####..>≈.P....
.≈≈.. ##..≈..####
≈≈≈ ....≈..#
..≈≈≈≈≈≈..


You could see Polyphemus (ally target), a death yak, a catoblepas and a friendly
battlesphere.

Vanquished Creatures
  Frances (D:12)
  Kirke (D:14)
  Roxanne (Spider:3)
  2 frost giants (D:13)
  2 broodmothers (Spider:4)
  6 emperor scorpions
  3 ghost moths
  A minotaur (Gauntlet)
  3 entropy weavers (Spider:3)
  Azrael (D:12)
  4 dire elephants (Lair:6)
  4 spark wasps
  An ettin (Orc:2)
  A merfolk javelineer (Shoals:1)
  A merfolk impaler (Shoals:1)
  9 hydras
  4 boulder beetles
  5 jorogumos
  A ghost crab (Gauntlet)
  An ogre mage (D:15)
  5 centaur warriors
  3 radroaches
  A catoblepas (Lair:6)
  7 death yaks
  A merfolk aquamancer (Shoals:1)
  A dancing weapon (D:13)
  6 two-headed ogres
  4 tengu warriors (D:14)
  Urug (Lair:6)
  A spectral dire elephant (Lair:6)
  A spectral death yak (Lair:6)
  Amaemon (D:9)
  A skeletal warrior (D:15)
  A fire crab (Gauntlet)
  4 pharaoh ants
  14 orb spiders
  4 sun moths
  A golden dragon zombie (D:15)
  A spectral anaconda (Lair:6)
  A steelbarb worm (Spider:3)
  A phantasmal warrior (D:14)
  6 necromancers
  An obsidian statue (Lair:6)
  2 orc knights (D:15)
  6 orc sorcerers
  4 harpies (Shoals:1)
  31 wolf spiders
  2 manticores
  6 ugly things
  8 cyclopes
  A frost giant zombie (D:15)
  18 elephants
  A fire giant zombie (D:15)
  3 torpor snails (Spider:4)
  A frost giant skeleton (D:15)
  2 merfolk sirens (Shoals:1)
  2 moths of wrath
  Joseph (D:9)
  2 gargoyles (D:12)
  8 black mambas
  A cane toad (shapeshifter) (D:14)
  20 cane toads
  An orange demon (D:9)
  A dire elephant skeleton (Lair:6)
  3 rime drakes
  12 komodo dragons
  A tengu conjurer (D:14)
  Psyche (D:8)
  16 demonic crawlers
  A yaktaur (D:13)
  2 unseen horrors
  A guardian mummy (D:15)
  3 merfolk (Shoals:1)
  10 meliai
  2 polar bears
  24 tarantellas
  A hornet (shapeshifter) (D:15)
  A wind drake (Shoals:1)
  18 blink frogs
  3 hornets
  A tarantella (shapeshifter) (D:15)
  7 slime creatures (D:12)
  5 dream sheep (Lair:6)
  2 snapping turtles
  18 jumping spiders
  2 shadows
  Sigmund (D:4)
  2 wraiths
  3 water elementals (Shoals:1)
  A dire elephant simulacrum (Lair:6)
  24 culicivoras
  A vampire (D:10)
  A wyvern (D:10)
  A basilisk (D:8)
  3 fire elementals (D:12)
  6 fire bats (Gauntlet)
  53 yaks
  A neqoxec (Gauntlet)
  2 steam dragons (D:7)
  28 redbacks
  3 chaos spawn (Gauntlet)
  6 hogs (D:14)
  3 vampire mosquitoes (D:11)
  3 acid dragons
  9 wargs
  5 hell hounds
  15 water moccasins
  3 ice beasts
  27 orc warriors
  5 black bears
  9 ogres
  22 wolves
  4 boggarts (D:11)
  10 centaurs
  2 phantoms (D:9)
  2 elephant skeletons (Lair:6)
  3 kobold brigands
  16 bullfrogs
  3 scorpions
  2 necrophages
  2 gnoll sergeants
  A hornet simulacrum (D:14)
  2 troll zombies (D:9)
  14 killer bees
  3 howler monkeys
  5 electric eels
  5 hounds
  A jelly (D:7)
  10 orc priests
  Ijyb (D:3)
  4 iguanas
  50 orc wizards
  6 ogre zombies (D:9)
  4 mummies
  11 gnolls
  10 adders
  2 ufetubi
  3 worms (D:2)
  2 dart slugs
  128 orcs
  6 ball pythons
  10 endoplasms
  3 giant cockroaches
  7 goblins
  5 hobgoblins
  8 jackals
  4 quokkas
  3 bats
  2 frilled lizards (D:1)
  A goblin skeleton (D:9)
  7 goblin zombies
  4 hobgoblin skeletons (D:9)
  9 hobgoblin zombies
  20 kobolds
  5 kobold zombies (Ossuary)
  An orc skeleton (D:9)
  11 orc zombies
  2 rats
1025 creatures vanquished.

Vanquished Creatures (collateral kills)
  An emperor scorpion (Spider:4)
  The ghost of Philosophunculist the Arsonist, an adept SpEE of Sif Muna (Spider:4)
  2 wolf spiders (Spider:4)
  A demonic crawler (Spider:4)
  A culicivora (Spider:4)
  A redback (Spider:4)
7 creatures vanquished.

Vanquished Creatures (others)
  A redback (Spider:2)
  2 bushes (Lair:6)
  149 fulminant prisms
  43 fungi
  57 plants
  41 withered plants
293 creatures vanquished.

Grand Total: 1325 creatures vanquished

Notes
Turn   | Place    | Note
-------+----------+-------------------------------------------
     0 | D:1      | lorenzova the Deep Elf Conjurer began the quest for the
                  | Orb.
     0 | D:1      | Reached XP level 1. HP: 10/10 MP: 6/6
   340 | D:2      | Reached XP level 2. HP: 15/15 MP: 2/8
   421 | D:2      | Learned a level 2 spell: Searing Ray
   856 | D:1      | Reached skill level 4 in Spellcasting
   856 | D:1      | Reached skill level 5 in Conjurations
   856 | D:1      | Reached XP level 3. HP: 19/19 MP: 3/10
  1950 | D:2      | Found a faded altar of an unknown god.
  2141 | D:2      | Identified the +3 dagger of Sequestration {elec, Dex+4}
  2383 | D:2      | Reached XP level 4. HP: 24/24 MP: 8/12
  2919 | D:3      | Reached skill level 5 in Spellcasting
  3594 | D:3      | Reached XP level 5. HP: 28/28 MP: 6/15
  3849 | D:4      | Noticed Ijyb
  3849 | D:4      | Noticed an orc warrior
  3855 | D:3      | Killed Ijyb
  4181 | D:4      | Noticed Sigmund
  4189 | D:4      | Reached skill level 6 in Spellcasting
  4194 | D:4      | Killed Sigmund
  4195 | D:4      | Reached XP level 6. HP: 31/32 MP: 9/17
  4357 | D:4      | Found Zucooz's Antique Weapon Shoppe.
  4412 | D:4      | Reached skill level 7 in Spellcasting
  4901 | D:4      | Reached XP level 7. HP: 33/36 MP: 14/20
  4928 | D:4      | Learned a level 4 spell: Iskenderun's Mystic Blast
  4933 | D:4      | Learned a level 4 spell: Fulminant Prism
  4937 | D:4      | Learned a level 3 spell: Swiftness
  5471 | D:5      | Entered Level 5 of the Dungeon
  5476 | D:5      | Reached skill level 1 in Hexes
  5476 | D:5      | Reached skill level 1 in Translocations
  5476 | D:5      | Reached skill level 1 in Air Magic
  5595 | D:5      | Reached skill level 8 in Spellcasting
  5685 | D:5      | Found a staircase to the Ecumenical Temple.
  5726 | Temple   | Entered the Ecumenical Temple
  5983 | D:5      | Found a basalt altar of Yredelemnul.
  6635 | D:6      | Reached XP level 8. HP: 41/41 MP: 12/22
  6869 | D:6      | Found a sand-covered staircase.
  6922 | Ossuary  | Entered an ossuary
  7072 | Ossuary  | Reached skill level 9 in Spellcasting
  8244 | D:7      | Reached XP level 9. HP: 45/45 MP: 19/24
  8426 | D:7      | Found Jenk's Jewellery Shoppe.
  8512 | D:7      | Found Gukkanneah's General Store.
  8516 | D:7      | Found Xeahela's Distillery.
  8521 | D:7      | Reached skill level 10 in Spellcasting
  8895 | D:7      | Bought a potion of curing for 42 gold pieces
  8990 | D:7      | Reached skill level 5 in Air Magic
  9155 | D:7      | Found Uruinesa's Assorted Antiques.
  9647 | D:8      | Reached skill level 5 in Hexes
  9652 | D:8      | Noticed Psyche
  9658 | D:7      | Reached skill level 11 in Spellcasting
  9735 | D:8      | Noticed an elephant
  9798 | D:8      | Reached skill level 10 in Conjurations
  9832 | D:8      | Killed Psyche
  9833 | D:8      | Reached XP level 10. HP: 50/50 MP: 20/27
 10162 | D:8      | Found a stormy altar of Qazlal.
 10190 | D:8      | Noticed a purple ugly thing
 10201 | D:8      | Killed a purple ugly thing
 10604 | D:8      | Killed an elephant
 10605 | D:8      | Reached skill level 5 in Translocations
 10991 | D:8      | Found a staircase to the Lair.
 11338 | D:9      | Reached skill level 12 in Spellcasting
 11646 | D:9      | Noticed Amaemon
 11657 | D:9      | Killed Amaemon
 11657 | D:9      | Noticed an orange demon
 11666 | D:9      | Killed an orange demon
 11847 | D:9      | Noticed Joseph
 12448 | D:9      | Paralysed by a hornet for 2 turns
 12453 | D:9      | Reached XP level 11. HP: 31/54 MP: 27/29
 12701 | D:9      | Found a staircase to the Orcish Mines.
 12867 | D:9      | Found a shimmering blue altar of Sif Muna.
 13055 | D:9      | Found a faded altar of an unknown god.
 13055 | D:9      | Found a glowing golden altar of the Shining One.
 13060 | D:9      | Found a radiant altar of Vehumet.
 13062 | D:9      | Found a faded altar of an unknown god.
 13063 | D:9      | Found a blossoming altar of Fedhas.
 13066 | D:9      | Became a worshipper of Vehumet
 13144 | D:9      | Killed Joseph
 13391 | D:9      | Learned a level 2 spell: Blink
 13447 | Lair:1   | Entered Level 1 of the Lair of Beasts
 13821 | Lair:1   | Reached skill level 13 in Spellcasting
 13945 | Lair:1   | Noticed a six-headed hydra
 13960 | Lair:1   | Killed a six-headed hydra
 14822 | D:3      | Identified the +2 quarterstaff "Cade" {vorpal, rC+ Will+}
 15503 | Lair:2   | Reached * piety under Vehumet
 15503 | Lair:2   | Offered knowledge of Shock by Vehumet.
 15698 | Lair:2   | Reached skill level 14 in Spellcasting
 15831 | Lair:2   | Noticed an eight-headed hydra
 15839 | Lair:2   | Killed an eight-headed hydra
 15915 | Lair:2   | Reached XP level 12. HP: 59/59 MP: 31/32
 16300 | Lair:2   | Noticed a four-headed hydra
 16307 | Lair:2   | Killed a four-headed hydra
 16534 | Lair:3   | Noticed a death yak
 16534 | Lair:3   | Noticed a death yak
 16535 | Lair:3   | Noticed a death yak
 16544 | Lair:3   | Killed a death yak
 16831 | Lair:3   | Killed a death yak
 17048 | Lair:2   | Killed a death yak
 17049 | Lair:2   | Reached skill level 10 in Air Magic
 17127 | Lair:3   | Found a hole to the Spider Nest.
 17158 | Lair:3   | Noticed a four-headed hydra
 17176 | Lair:3   | Reached skill level 15 in Spellcasting
 17177 | Lair:3   | Killed a four-headed hydra
 17327 | Lair:3   | Found a staircase to the Shoals.
 17756 | Lair:3   | Noticed a death yak
 17760 | Lair:3   | Noticed a death yak
 17762 | Lair:3   | Noticed a death yak
 17762 | Lair:3   | Killed a death yak
 17775 | Lair:3   | Killed a death yak
 17781 | Lair:3   | Killed a death yak
 17781 | Lair:3   | Offered knowledge of Freeze by Vehumet.
 17953 | Lair:4   | Reached ** piety under Vehumet
 18343 | Lair:4   | You fall into a shaft and drop 1 floor!
 18359 | Lair:5   | Noticed a four-headed hydra
 18525 | Lair:4   | Reached XP level 13. HP: 63/63 MP: 31/34
 18615 | Lair:4   | Reached skill level 16 in Spellcasting
 19915 | Lair:5   | Offered knowledge of Poisonous Vapours by Vehumet.
 20370 | Lair:5   | Learned a level 7 spell: Orb of Destruction
 20407 | Lair:5   | Identified the +0 helmet of Sloth {Str+5}
 20448 | Lair:6   | Entered Level 6 of the Lair of Beasts
 20454 | Lair:6   | Reached *** piety under Vehumet
 20782 | Lair:6   | Reached skill level 17 in Spellcasting
 20949 | Lair:6   | Offered knowledge of Mephitic Cloud by Vehumet.
 20952 | Lair:6   | Found a runed translucent door.
 20953 | Lair:6   | Found a viscous altar of Jiyva.
 21112 | Lair:6   | Reached skill level 15 in Conjurations
 21282 | Lair:6   | Noticed a dire elephant
 21282 | Lair:6   | Noticed a dire elephant
 21283 | Lair:6   | Noticed a dire elephant
 21283 | Lair:6   | Noticed a dire elephant
 21408 | Lair:6   | Noticed Urug
 22161 | Lair:6   | Reached **** piety under Vehumet
 22188 | Lair:6   | Offered knowledge of Stone Arrow by Vehumet.
 22209 | Lair:6   | Reached XP level 14. HP: 68/68 MP: 17/37
 22904 | Lair:6   | Found a staircase to the Slime Pits.
 23238 | Orc:1    | Entered Level 1 of the Orcish Mines
 23250 | Orc:1    | Reached skill level 18 in Spellcasting
 23673 | Orc:2    | Entered Level 2 of the Orcish Mines
 23837 | Orc:2    | Reached ***** piety under Vehumet
 23850 | Orc:2    | Offered knowledge of Fireball by Vehumet.
 23862 | Orc:2    | Learned a level 5 spell: Fireball
 24060 | Orc:2    | Reached skill level 1 in Fire Magic
 24961 | Orc:2    | Found Uqyebb's Magic Scroll Emporium.
 24961 | Orc:2    | Found Bano's Antique Weapon Shop.
 25316 | Orc:2    | Found a staircase to the Elven Halls.
 25531 | Orc:2    | Found Uhics's Jewellery Shop.
 25531 | Orc:2    | Found Leupicuimur's Jewellery Emporium.
 25923 | Orc:2    | Bought a scroll of identify for 30 gold pieces
 25923 | Orc:2    | Bought a scroll of teleportation for 45 gold pieces
 25923 | Orc:2    | Bought a scroll of teleportation for 45 gold pieces
 25923 | Orc:2    | Bought 3 scrolls of teleportation for 135 gold pieces
 25927 | Orc:2    | Identified a scroll of acquirement
 25933 | Orc:2    | Acquired the ring "Hileb" {Will+ SInv}
 26251 | Lair:6   | Offered knowledge of Conjure Ball Lightning by Vehumet.
 26766 | Lair:6   | Killed Urug
 27529 | Lair:6   | Reached skill level 19 in Spellcasting
 27665 | Lair:6   | Reached skill level 5 in Fire Magic
 27674 | Lair:6   | Identified the ring of Futoett {Ice rElec}
 27866 | D:10     | Entered Level 10 of the Dungeon
 28283 | D:10     | Acquired the +3 buckler of the Wheelwright {Will- Int+5}
 28952 | D:11     | Found a gate leading to a gauntlet.
 28961 | Gauntlet | Entered a Gauntlet
 28961 | Gauntlet | Found a transporter.
 28961 | Gauntlet | Found a transporter.
 28977 | Gauntlet | Found a runed translucent door.
 28979 | Gauntlet | Found a transporter.
 28981 | Gauntlet | Found a runed translucent door.
 28991 | Gauntlet | Found a transporter.
 29006 | Gauntlet | Found a runed translucent door.
 29009 | Gauntlet | Found a transporter.
 29009 | Gauntlet | Found a transporter.
 29011 | Gauntlet | Found a transporter.
 29011 | Gauntlet | Found a transporter.
 29013 | Gauntlet | Noticed a reaper
 29024 | Gauntlet | Found a transporter.
 29040 | Gauntlet | Found a transporter.
 29050 | Gauntlet | Found a transporter.
 29055 | Gauntlet | Found a transporter.
 29089 | Gauntlet | Found a transporter.
 29089 | Gauntlet | Found a transporter.
 29202 | Gauntlet | Acquired a staff of conjuration
 29416 | Gauntlet | Identified the ring of the Ladybird {rN+ rCorr MP-9 Int+5}
 30196 | D:12     | Reached XP level 15. HP: 72/72 MP: 7/40
 30215 | D:12     | Noticed Azrael
 30491 | D:12     | Noticed Frances
 30942 | D:12     | Killed Azrael
 31255 | D:12     | Killed Frances
 31444 | D:12     | Found an ornate altar of the Wu Jian Council.
 31846 | D:13     | Noticed a frost giant
 31851 | D:13     | Killed a frost giant
 31990 | D:13     | Noticed a frost giant
 32005 | D:13     | Killed a frost giant
 32189 | D:13     | Found Tayng's Magic Scroll Emporium.
 32197 | D:13     | Bought a scroll of identify for 32 gold pieces
 32197 | D:13     | Bought a scroll of identify for 32 gold pieces
 32197 | D:13     | Bought a scroll of magic mapping for 56 gold pieces
 32754 | D:13     | Reached skill level 20 in Spellcasting
 32779 | D:13     | Found a gate to the Vaults.
 33024 | D:14     | Reached skill level 1 in Shields
 33250 | D:14     | Noticed Kirke
 33254 | D:14     | Killed Kirke
 33496 | D:14     | Found a sacrificial altar of Ru.
 33937 | D:15     | Entered Level 15 of the Dungeon
 34631 | Spider:1 | Entered Level 1 of the Spider Nest
 34657 | Spider:1 | Offered knowledge of Lightning Bolt by Vehumet.
 36478 | Spider:2 | Noticed an emperor scorpion
 36487 | Spider:2 | Killed an emperor scorpion
 37208 | Spider:2 | Reached XP level 16. HP: 76/76 MP: 35/42
 37792 | Spider:3 | Reached skill level 21 in Spellcasting
 37870 | Spider:3 | Reached skill level 10 in Fire Magic
 37976 | Spider:2 | Learned a level 5 spell: Lightning Bolt
 38300 | Spider:3 | Offered knowledge of Lee's Rapid Deconstruction by Vehumet.
 38495 | Spider:2 | Learned a level 7 spell: Spellforged Servitor
 39400 | Spider:3 | Reached skill level 1 in Summonings
 40166 | Spider:3 | Noticed Roxanne
 40223 | Spider:3 | Killed Roxanne
 40495 | Spider:4 | Entered Level 4 of the Spider Nest
 42134 | Spider:4 | Found a runed translucent gate.
 42134 | Spider:4 | Found a runed translucent gate.
 42134 | Spider:4 | Found a runed translucent gate.
 42237 | Spider:4 | Offered knowledge of Iskenderun's Battlesphere by Vehumet.
 42260 | Spider:3 | Learned a level 5 spell: Iskenderun's Battlesphere
 42665 | Spider:4 | Learned a level 3 spell: Conjure Flame
 42724 | Spider:4 | Noticed Philosophunculist's ghost (adept SpEE)
 42840 | Spider:4 | Reached skill level 22 in Spellcasting
 43032 | Spider:4 | Reached XP level 17. HP: 80/80 MP: 19/45
 44923 | Spider:4 | Reached skill level 5 in Shields
 45054 | Spider:4 | Got a gossamer rune of Zot
 45218 | Spider:4 | Killed Philosophunculist's ghost
 45957 | D:15     | Offered knowledge of Eringya's Noxious Bog by Vehumet.
 46118 | D:15     | Reached skill level 1 in Fighting
 46299 | D:15     | Found a staircase to the Depths.
 46309 | D:15     | Reached skill level 1 in Armour
 46939 | Elf:1    | Entered Level 1 of the Elven Halls
 47217 | Shoals:1 | Entered Level 1 of the Shoals
 47396 | Shoals:1 | Identified the +1 helmet "Deihel" {*Corrode rN+ Will+}
 48318 | Shoals:2 | Noticed Polyphemus
 48325 | Shoals:2 | Mangled by a death yak

Illustrated notes

Levels and vault maps discovered:
D:1:      mrwooster_arrival_statue_2, layout_basic, serial_glass,
          glass_columns_a, glass_columns_b, st_stairs_8
D:2:      layout_basic, dilly_ecumenical_altar_fadedgnrine, serial_rivers,
          chequers_serial_rivers_micro_b, chequers_serial_rivers_small_3,
          chequers_serial_rivers_micro_c, chequers_serial_rivers_small_a,
          chequers_serial_rivers_micro_c
D:3:      layout_basic
D:4:      layout_rooms, serial_shops, shop, minmay_misc_feat_ornament,
          chequers_serial_rivers_micro_e, uniq_ijyb, uniq_sigmund
D:5:      layout_loops_cross, amcnicky_altar_gilded,
          minmay_temple_entry_offerings
D:6:      layout_rooms, nicolae_ossuary_entry_giza
D:7:      layout_cave_pools, serial_shops, nicolae_shop_behind_doors, shop,
          shop, nicolae_shop_waterfront
D:8:      layout_basic, kennysheep_mini_moat, david_lair_generic, uniq_psyche
D:9:      layout_loops_corners, led_sif_book,
          chequers_temple_overflow_minitemple, zombieorc2_lemuel, special_room
          [special_room_orc], uniq_joseph, uniq_amaemon
D:10:     layout_loops_ring, kennysheep_path_1
D:11:     layout_basic, gauntlet_entry_generic
D:12:     layout_cave_pools, pdpol_wu_jian_five_deadly_venoms, uniq_azrael,
          uniq_frances
D:13:     minmay_glassy_protrusions, layout_cave_pools, david_vaults_1,
          serial_shops, nicolae_shop_trees, kennysheep_nub,
          nicolae_lava_and_water
D:14:     layout_rooms, serial_glass, glass_columns_c, glass_columns_c,
          glass_columns_a, glass_columns_b, glass_columns_c, glass_columns_c,
          glass_columns_a, glass_columns_a, hangedman_ru_absence, uniq_kirke
D:15:     gammafunk_depths_entry_grave, layout_rooms,
          chequers_serial_rivers_large_a
Temple:   eino_temple_rhombus
Lair:1:   layout_regular_city, eino_small_chamber_without_monster,
          nicolae_quartered_pool_little, serial_bayou_shore_b,
          grunt_megastairs_3, serial_bayou_shore_b
Lair:2:   layout_big_grid, grunt_megastairs_4
Lair:3:   layout_cave_shapes, shoals_dummy_entry,
          hellmonk_spider_entry_not_the_bees
Lair:4:   layout_regular_city, guppyfry_lair_drakes, serial_bayou_shore_a
Lair:5:   layout_misc_corridors, minivault_25, columned_hall_lemuel
Lair:6:   due_jungle_book, layout_misc_corridors, slime_altar_2, uniq_urug
Shoals:1: layout_shoals
Shoals:2: layout_shoals, uniq_ilsuiw, uniq_polyphemus
Spider:1: layout_spider_delve
Spider:2: layout_spider_delve
Spider:3: layout_spider_delve, uniq_roxanne
Spider:4: guppyfry_spider_rune, ebering_ghost_rock_garden, worms_lemuel
Orc:1:    layout_caves
Orc:2:    st_orc_town, layout_caves, basic_altar
Elf:1:    nicolae_elf_arrival_fired_up, layout_geoelf_diagonals, serial_shops,
          nicolae_shop_bloodbath_and_beyond, minmay_elf_crystal_hexagon,
          grunt_ministairs_4, serial_sigils_hangedman_shear

Skill      XL: |  1  2  3  4  5  6  7  8  9 10 11 12 13 14 15 16 17 |
---------------+----------------------------------------------------+-----
Spellcasting   | 4 5 6 7 8 9 11 12 14 15 17 19 20 22 | 22.7
Conjurations   | 5 6 7 8 10 11 12 13 15 16 18 19 | 19.7
Hexes          | 2 3 5 6 8 9 |  9.0
Translocations | 1 3 4 5 6 |  6.0
Air Magic      | 2 4 6 7 9 11 12 13 | 13.0
Fire Magic     | 6 9 11 12 | 12.7
Shields        | 2 4 5 |  5.0
Summonings     | 3 |  3.1
Dodging        | 3 |  3.8
Fighting       | 1 |  1.7
Armour         | 1 |  1.6
Stealth        | |  2.4

Action                   |  1- 3 |  4- 6 |  7- 9 | 10-12 | 13-15 | 16-18 || total
-------------------------+-------+-------+-------+-------+-------+-------++-------
Melee: Unarmed           |     1 |       |       |       |       |       ||     1
       Punch             |     1 |       |       |       |       |       ||     1
       Dagger            |     5 |     6 |     5 |    14 |     4 |       ||    34
       Quarterstaff      |       |       |       |       |     1 |       ||     1
 Cast: Magic Dart        |    87 |   110 |   117 |   199 |   218 |    65 ||   796
       Searing Ray       |     1 |     7 |    29 |    52 |    56 |       ||   145
       Iskenderun's Myst |       |       |    42 |   110 |   215 |   109 ||   476
       Fulminant Prism   |       |       |     8 |    68 |    62 |    12 ||   150
       Orb of Destructio |       |       |       |       |    16 |     4 ||    20
       Fireball          |       |       |       |       |   279 |   194 ||   473
       Swiftness         |       |       |       |       |     6 |     4 ||    10
       Lightning Bolt    |       |       |       |       |       |    21 ||    21
       Iskenderun's Batt |       |       |       |       |       |    41 ||    41
       Spellforged Servi |       |       |       |       |       |     8 ||     8
  Use: Scroll            |     1 |     4 |     6 |     2 |    25 |     3 ||    41
       Potion            |       |     1 |       |       |     3 |       ||     4
 Stab: Sleeping          |     1 |     1 |       |     1 |       |       ||     3
Armor: Robe              |     3 |    13 |     7 |    11 |       |     1 ||    35
       Leather armour    |       |       |       |     4 |    21 |     1 ||    26
Dodge: Dodged            |     4 |    22 |    19 |    39 |   102 |    12 ||   198
Block: Buckler           |       |       |       |       |       |     5 ||     5
       Reflection        |       |       |       |       |       |     4 ||     4
       Other             |       |       |       |       |       |     3 ||     3

Table legend: (Time is in decaauts)
 A = Elapsed time spent in this place.
 B = Non-inter-level travel time spent in this place.
 C = Inter-level travel time spent in this place.
 D = Time resting spent in this place.
 E = Time spent auto-exploring this place.
 F = Levels seen in this place.
 G = Mean time per level.
                   A        B        C        D        E       F      G
               +--------+--------+--------+--------+--------+-----+--------+
         Total |  48488 |  44565 |   3923 |  23581 |  13339 |  33 | 1469.3 |
       Dungeon |  20545 |  18823 |   1722 |   8211 |   8078 |  15 | 1369.7 |
        Temple |    191 |    172 |     19 |      0 |    160 |   1 |  191.0 |
          Lair |  11479 |  10366 |   1113 |   5344 |   3170 |   6 | 1913.2 |
        Shoals |   1134 |   1053 |     81 |    531 |      0 |   2 |  567.0 |
   Spider Nest |  10831 |  10159 |    672 |   7639 |    713 |   4 | 2707.8 |
  Orcish Mines |   3019 |   2706 |    313 |   1384 |    890 |   2 | 1509.5 |
   Elven Halls |      1 |      1 |      0 |      0 |      0 |   1 |    1.0 |
       Ossuary |    745 |    745 |      0 |    358 |    191 |   1 |  745.0 |
      Gauntlet |    540 |    540 |      0 |    113 |    137 |   1 |  540.0 |
               +--------+--------+--------+--------+--------+-----+--------+

Top non-repeatable levels by time:
  Lair:6: 3740 daAuts
Spider:2: 3558 daAuts
Spider:4: 3482 daAuts
Spider:3: 2749 daAuts
     D:9: 2491 daAuts
   Orc:2: 2187 daAuts
  Lair:2: 1919 daAuts
    D:11: 1848 daAuts
    D:14: 1817 daAuts
  Lair:1: 1671 daAuts
     D:8: 1661 daAuts
     D:3: 1642 daAuts
  Lair:4: 1627 daAuts
     D:7: 1495 daAuts
     D:4: 1412 daAuts
